 Dungeon Crawl Stone Soup version 0.23.2-33-g5129a83184 (webtiles) character file.

Game seed: 2385928753041276307

83 Folque the Digger (level 4, -2/36 HPs)
             Began as a Draconian Earth Elementalist on June 26, 2019.
             Slain by an orc
             ... wielding a +0 mace
              (4 damage)
             ... on level 2 of the Dungeon.
             The game lasted 00:08:28 (1871 turns).

Folque the Digger (Draconian Earth Elementalist)    Turns: 1871, Time: 00:08:29

Health: -2/36      AC:  5    Str: 10    XL:     4   Next: 22%
Magic:  2/8        EV: 12    Int: 17    God:
Gold:   164        SH:  4    Dex: 11    Spells: 2/8 levels left

rFire    . . .     SeeInvis .   g - +2 dagger (venom)
rCold    . . .     Gourm    .   (no shield)
rNeg     . . .     Faith    .   (armour unavailable)
rPois    .         Spirit   .   (helmet restricted)
rElec    .         Reflect  +   (no cloak)
rCorr    .         Harm     .   (no gloves)
MR       .....                  (no boots)
Stlth    ++........             d - +4 amulet of reflection
HPRegen  0.12/turn              (no ring)
MPRegen  0.11/turn              (no ring)

@: no status effects
A: unfitting armour, cold-blooded, AC +5
a: no special abilities


You were on level 2 of the Dungeon.
You were hungry.

You visited 1 branch of the dungeon, and saw 3 of its levels.

You collected 164 gold pieces.

Inventory:

Hand Weapons
 e - a +0 dagger
 g - a +2 dagger of venom (weapon)
Missiles
 b - 41 stones (quivered)
Jewellery
 d - a +4 amulet of reflection (around neck)
 m - a cursed -5 ring of intelligence {unknown}
 r - a +3 amulet of reflection
Scrolls
 i - 2 scrolls of identify
 j - a scroll of magic mapping
 l - a scroll of enchant weapon
Potions
 a - a potion of degeneration {unknown}
 h - a potion of heal wounds {unknown}
 k - a potion of lignification {unknown}
 o - 3 potions of curing {unknown}
 q - a potion of mutation {unknown}
Comestibles
 c - 5 rations
 f - 2 chunks of flesh


   Skills:
 - Level 2.0 Fighting
 - Level 1.7 Dodging
 - Level 1.7 Stealth
 + Level 2.7 Spellcasting
 * Level 1.7 Conjurations
 - Level 1.0 Transmutations
 + Level 3.6 Earth Magic


You had 2 spell levels left.
You knew the following spells:

 Your Spells              Type           Power        Failure   Level  Hunger
a - Sandblast             Erth           ##....       4%          1    #......
b - Passwall              Tmut/Erth      ##......     11%         2    ##.....
c - Stone Arrow           Conj/Erth      ##....       19%         3    ###....

Your spell library contained the following spells:

 Spells                   Type           Power        Failure   Level  Hunger
 Petrify                  Tmut/Erth      ##......     56%         4    #####..
 Lee's Rapid Deconstruct  Erth           ##........   75%         5    ######.


Dungeon Overview and Level Annotations

Branches:
Dungeon (3/15)

Altars:


Innate Abilities, Weirdness & Mutations

Your plain brown scales are hard. (AC +5)
You cannot fit into any form of body armour.
You are cold-blooded and may be slowed by cold attacks.


Message History

The orc is heavily wounded.
The orc hits you with a +0 mace.
* * * LOW HITPOINT WARNING * * *
Casting: Stone Arrow (safe; 19% risk of failure)
Confirm with . or Enter, or press ? or * to list all spells.
Aiming: Sandblast (safe; 4% risk of failure)
Press: ? - help, Shift-Dir - straight line, f - orc
Aim: an orc, wielding a +0 mace and wearing a +0 scale mail (heavily wounded)
The blast of sand hits the orc but does no damage.
The orc is heavily wounded.
b - 42 stones
Casting: Sandblast (safe; 4% risk of failure)
Confirm with . or Enter, or press ? or * to list all spells.
Aiming: Sandblast (safe; 4% risk of failure)
Press: ? - help, Shift-Dir - straight line, f/p - orc
Aim: an orc, wielding a +0 mace and wearing a +0 scale mail (heavily wounded)
The blast of sand misses the orc.
b - 41 stones The orc hits you with a +0 mace.
You die...

#........# #........# #
#........# #
#######........########### #
#.....'........'.........# #
##.####........#########.# #
#.# ####.........# #.# # #.#
#####.######.######.####
##.###.....#@o...............
#..รท.......#.####.######.####
#####......#.####.........# #
#......#.......#####..# #
#......#.......# #..# #
#.######.......#####..# # ###
#..............###
#######################...(
#...........# #......#....


You could see an orc.

Vanquished Creatures
  3 adders (D:2)
  An ooze (D:2)
  A worm (D:2)
  3 dart slugs (D:1)
  A leopard gecko (D:1)
  2 orcs (D:3)
  7 bats
  3 giant cockroaches
  2 goblins
  4 hobgoblins
  A quokka (D:2)
  A ball python (D:2)
  3 frilled lizards
  4 kobolds
  4 rats
40 creatures vanquished.

Notes
Turn   | Place    | Note
-------+----------+-------------------------------------------
     0 | D:1      | Folque the Draconian Earth Elementalist began the quest for
                  | the Orb.
     0 | D:1      | Reached XP level 1. HP: 14/14 MP: 3/3
   136 | D:1      | Reached skill level 1 in Fighting
   193 | D:1      | Reached XP level 2. HP: 21/23 MP: 5/5
   267 | D:1      | Learned a level 2 spell: Passwall
   981 | D:2      | Reached XP level 3. HP: 29/29 MP: 6/6
   989 | D:2      | Learned a level 3 spell: Stone Arrow
  1281 | D:2      | Reached skill level 1 in Conjurations
  1566 | D:2      | Reached XP level 4. HP: 36/36 MP: 5/7
  1871 | D:2      | Slain by an orc

Skill      XL: |  1  2  3 |
---------------+----------+-----
Fighting       | 1 2 |  2.0
Conjurations   | 1 |  1.7
Dodging        | |  1.7
Stealth        | |  1.7
Spellcasting   | |  2.7
Transmutations | |  1.0
Earth Magic    | |  3.6

Action                   |  1- 3 |  4- 6 || total
-------------------------+-------+-------++-------
Melee: Dagger            |    73 |    21 ||    94
       Tailslap          |     5 |       ||     5
 Cast: Sandblast         |     9 |     5 ||    14
       Stone Arrow       |     2 |     1 ||     3
  Use: Scroll            |       |     8 ||     8
 Stab: Sleeping          |     6 |     1 ||     7
  Eat: Chunk             |     2 |     1 ||     3
Armor: Skin              |    32 |     2 ||    34
Dodge: Dodged            |    39 |     4 ||    43
Block: Other             |       |     3 ||     3
